 Dungeon Crawl Stone Soup version 0.16.1-18-g436b03c (webtiles) character file.

5245 Ladykiller69 the Cleaver (level 10, -2/73 HPs)
             Began as a Formicid Fighter on May 1, 2015.
             Was an Elder of Cheibriados.
             Slain by a deep troll (18 damage)
             ... on level 4 of the Orcish Mines.
             The game lasted 00:42:44 (8688 turns).

Ladykiller69 the Cleaver (Formicid Fighter)         Turns: 8688, Time: 00:42:44

Health: -2/73      AC: 15    Str: 33    XL:     10   Next: 93%
Magic:  13/13      EV: 11    Int: 19    God:    Cheibriados [****..]
Gold:   628        SH: 13    Dex: 20    Spells: 0 memorised, 9 levels left

rFire  . . .     SeeInvis +     a - +0 war axe
rCold  . . .     Clarity  .     G - +0 plate armour
rNeg   . . .     SustAb   .     c - +0 shield
rPois  .         Gourm    .     (helmet unavailable)
rElec  .         Spirit   .     (no cloak)
rCorr  .         Warding  .     (no gloves)
rMut   .         Stasis   +     w - +0 pair of boots
MR     +....                    (no amulet)
Stlth  ..........               P - +3 ring of evasion
                                B - ring of teleportation (curse)

@: very slow, somewhat resistant to hostile enchantments, extremely unstealthy
A: permanent stasis, dig shafts and tunnels, four strong arms, antennae 3
a: Dig, Shaft Self, Bend Time, Temporal Distortion, Slouch, Renounce Religion,
Evoke Teleportation


You were on level 4 of the Orcish Mines.
You worshipped Cheibriados.
Cheibriados was greatly pleased with you.
You were hungry.

You visited 3 branches of the dungeon, and saw 13 of its levels.
You visited 1 bazaar.

You collected 784 gold pieces.
You spent 156 gold pieces at shops.

Inventory:

Hand weapons
 a - a +0 war axe (weapon)
 Q - a +0 flail of protection
Missiles
 C - 9 tomahawks (quivered)
 J - 2 throwing nets
 K - 5 javelins of penetration
Armour
 c - a +0 shield (worn)
 w - a +0 pair of boots (worn)
 G - a +0 plate armour (worn)
Jewellery
 u - a +6 ring of strength
 v - a +3 ring of slaying
 x - an uncursed ring of poison resistance
 B - a cursed ring of teleportation (left hand)
 H - an uncursed ring of stealth
 N - an uncursed ring of flight
 P - a +3 ring of evasion (right hand)
Magical devices
 z - a wand of polymorph (6)
 D - a wand of magic darts (26)
Scrolls
 f - 9 scrolls of teleportation {unknown}
 g - 9 scrolls of remove curse {unknown}
 k - 2 scrolls of random uselessness {unknown}
 l - 3 scrolls of enchant armour {unknown}
 q - 2 scrolls of magic mapping {unknown}
 r - 9 scrolls of identify {unknown}
 t - 2 scrolls of immolation {unknown}
 y - a scroll of enchant weapon {unknown}
 A - 3 scrolls of recharging {unknown}
 E - 4 scrolls of amnesia {unknown}
 L - a scroll of fear {unknown}
Potions
 e - 2 potions of might
 h - 2 potions of flight
 i - a potion of brilliance {unknown}
 m - a potion of mutation {unknown}
 n - a potion of lignification {unknown}
 o - a potion of degeneration {unknown}
 p - 4 potions of curing
 F - a potion of berserk rage
 I - a potion of agility {unknown}
 O - a potion of restore abilities {unknown}
 R - 2 potions of heal wounds
Books
 s - a book of Fire

   Spells                             Type                      Level
   a - Ignite Poison                  Fire/Transmutation           5
   b - Fireball                       Conjuration/Fire             5
   c - Bolt of Fire                   Conjuration/Fire             6
   d - Delayed Fireball               Conjuration/Fire             7
   e - Ring of Flames                 Charms/Fire                  7
Comestibles
 d - a bread ration
 j - 4 meat rations


   Skills:
 + Level 4.9 Fighting
 * Level 11.6 Axes
 - Level 8.1 Armour
 - Level 9.0 Shields


You had 9 spell levels left.
You didn't know any spells.

Dungeon Overview and Level Annotations

Branches:
Dungeon (9/15)             Temple (1/1) D:6             Orc (4/4) D:9
   Lair: D:8-11         Elf: Orc:3-4

Altars:
Ashenzari
Cheibriados
Dithmenos
Elyvilon
Fedhas
Gozag
Kikubaaqudgha
Makhleb
Nemelex Xobeh
Okawaru
Qazlal
Ru
Sif Muna
Trog
Vehumet
Yredelemnul
Zin
The Shining One

Shops:
D:5 :   D:7 %   D:8 *   Orc:2 }

Annotations:
D:3 Scuka's ghost, average MfTm
D:7 Menkaure
Orc:4 Joseph


Innate Abilities, Weirdness & Mutations

You are under a permanent stasis effect.
You can dig through walls and to a lower floor.
Your four strong arms can wield two-handed weapons with a shield.
You have a pair of large antennae on your head (SInv).


Message History

You retract your mandibles.
You slash Joseph!
Joseph is lightly wounded.
You slash the troll!
The troll is lightly wounded.
Joseph barely misses you. The troll bites you! You block the troll's attack.
You block the troll's attack. Joseph hits you but does no damage.
The troll completely misses you. You block the troll's attack.
The troll closely misses you. You block the deep troll's attack. x2
The deep troll claws you but does no damage.
You block Joseph's attack. You block the deep troll's attack. x2
The deep troll claws you! The troll bites you but does no damage.
The troll claws you but does no damage. The troll claws you.
The deep troll bites you. The deep troll claws you!
* * * LOW HITPOINT WARNING * * *
You block the deep troll's attack. You block the troll's attack. x2
The troll barely misses you. The deep troll bites you!!
You die...

##......##...##
##.#..........#
#)##.........## #
####.##.........###.#
##.....#.#......###...
#...............##...###
#.................##....#.###
#..........................
##............@..........
#............@TT.......#
#....................##
....................#
...............#.### ..
..............#...##.....
#..............∩........
##...........#...#..#...
##..........##.##.#...


You could see Joseph, a deep troll and a troll.

Vanquished Creatures
  Erolcha (Orc:2)
  Pikel (D:7)
  4 wraiths (D:7)
  2 humans (D:8)
  A hippogriff (D:8)
  A deep elf mage (D:9)
  Edmund (Orc:1)
  An ice beast (D:9)
  2 slaves (D:7)
  6 orc warriors
  A sky beast (D:6)
  A black bear (D:7)
  3 ogres
  A crocodile (D:8)
  An elf zombie (D:7)
  2 water moccasin zombies (D:7)
  2 giant frogs
  A scorpion (D:7)
  A troll skeleton (D:7)
  5 wights (D:7)
  A giant frog zombie (D:8)
  2 crimson imps
  A jelly (D:8)
  2 giant frog skeletons
  3 human zombies (D:7)
  9 orc priests
  2 quasits
  2 hounds
  6 orc wizards
  An iguana (D:9)
  A human skeleton (D:7)
  3 worker ants
  A hound skeleton (D:8)
  3 adders
  A shadow imp (D:7)
  A giant mite (D:6)
  8 gnolls
  A worm (D:4)
  2 adder skeletons
  An ooze (D:3)
  42 orcs
  33 bats
  5 giant cockroaches
  13 hobgoblins
  8 jackals
  9 kobolds
  7 giant geckos
  6 giant newts
  12 goblins
  An orc zombie (D:7)
  3 quokkas
  8 rats
236 creatures vanquished.

Vanquished Creatures (others)
  An orc (D:7)
1 creature vanquished.

Grand Total: 237 creatures vanquished

Notes
Turn   | Place    | Note
--------------------------------------------------------------
     0 | D:1      | Ladykiller69, the Formicid Fighter, began the quest for the Orb.
     0 | D:1      | Reached XP level 1. HP: 18/18 MP: 1/1
   379 | D:1      | Reached XP level 2. HP: 20/24 MP: 3/3
   874 | D:2      | Found a sacrificial altar of Ru.
   889 | D:2      | Reached XP level 3. HP: 29/29 MP: 4/4
  1104 | D:2      | Found a deep blue altar of Sif Muna.
  1407 | D:3      | Reached skill level 4 in Shields
  1496 | D:3      | Noticed Scuka's ghost (average MfTm)
  1534 | D:3      | Reached XP level 4. HP: 30/37 MP: 5/5
  2087 | D:4      | Reached XP level 5. HP: 26/42 MP: 7/7
  2326 | D:4      | Noticed a phantom
  2367 | D:5      | Entered Level 5 of the Dungeon
  2558 | D:5      | Reached XP level 6. HP: 45/48 MP: 8/8
  2805 | D:5      | Found an opulent altar of Gozag.
  2824 | D:5      | Found Hotamotz's Book Shop.
  3139 | D:4      | You fall through a shaft for 3 floors!
  3253 | D:7      | Reached skill level 5 in Shields
  3266 | D:7      | Found a shattered altar of Ashenzari.
  3284 | D:7      | Noticed Pikel
  3284 | D:7      | Noticed a slave
  3284 | D:7      | Noticed a slave
  3284 | D:7      | Noticed a slave
  3284 | D:7      | Noticed a slave
  3395 | D:7      | You fall through a shaft!
  3396 | D:8      | Noticed a hippogriff
  3415 | D:8      | Killed a hippogriff
  3415 | D:8      | Reached skill level 5 in Axes
  3415 | D:8      | Reached XP level 7. HP: 14/54 MP: 9/9
  3841 | D:7      | Noticed a black bear
  3856 | D:7      | Killed a black bear
  3861 | D:7      | Reached skill level 5 in Armour
  3970 | D:7      | Noticed Menkaure
  4039 | D:7      | Killed a slave
  4049 | D:7      | Found Bixo's Food Emporium.
  4161 | D:6      | Found a glowing silver altar of Zin.
  4185 | D:6      | Reached skill level 6 in Shields
  4185 | D:6      | Reached XP level 8. HP: 60/60 MP: 11/11
  4472 | D:4      | You fall through a shaft for 3 floors!
  4495 | D:7      | Found a bloodstained altar of Trog.
  4955 | D:6      | Found a staircase to the Ecumenical Temple.
  4964 | Temple   | Entered the Ecumenical Temple
  5029 | Temple   | Became a worshipper of Cheibriados the Contemplative
  5406 | D:7      | Reached skill level 7 in Axes
  5492 | D:7      | Killed a slave
  5512 | D:7      | You fall through a shaft for 2 floors!
  5642 | D:9      | Reached XP level 9. HP: 47/65 MP: 12/12
  5929 | D:8      | Reached skill level 8 in Axes
  6067 | D:8      | Found Inebeb's Assorted Antiques.
  6093 | D:8      | Acquired Cheibriados' first power
  6585 | D:8      | Found an iron altar of Okawaru.
  6585 | D:8      | Noticed a human
  6585 | D:8      | Noticed a human
  6596 | D:8      | Killed a human
  6609 | D:8      | Killed a human
  6630 | D:8      | Reached skill level 9 in Axes
  6835 | D:7      | Killed Pikel
  6835 | D:7      | Reached XP level 10. HP: 27/71 MP: 13/13
  7161 | D:7      | Found an ancient bone altar of Kikubaaqudgha.
  7203 | D:7      | Noticed a wraith
  7209 | D:7      | Killed a wraith
  7219 | D:7      | Noticed a wraith
  7248 | D:7      | Killed a wraith
  7248 | D:7      | Reached skill level 10 in Axes
  7406 | D:7      | Noticed a wraith
  7407 | D:7      | Noticed a wraith
  7419 | D:7      | Killed a wraith
  7429 | D:7      | Killed a wraith
  7670 | D:9      | Acquired Cheibriados' second power
  7695 | D:9      | Reached skill level 11 in Axes
  7887 | D:9      | Found a staircase to the Orcish Mines.
  7900 | Orc:1    | Entered Level 1 of the Orcish Mines
  8037 | Orc:2    | Noticed Erolcha
  8061 | Orc:2    | Killed Erolcha
  8283 | Orc:1    | Noticed Edmund
  8311 | Orc:1    | Killed Edmund
  8377 | Orc:1    | Acquired Cheibriados' third power
  8504 | Orc:2    | Found Imausun's Quality Used Wands.
  8507 | Orc:2    | You fall through a shaft for 2 floors!
  8507 | Orc:4    | Entered Level 4 of the Orcish Mines
  8558 | Orc:4    | Found a flickering gateway to a bazaar.
  8583 | Orc:4    | Noticed Joseph
  8584 | Orc:4    | Noticed a deep troll
  8585 | Orc:4    | Noticed a cyclops
  8595 | Bazaar   | Entered a bazaar
  8595 | Bazaar   | Found Shalishroth's Antique Armour Shop.
  8606 | Bazaar   | Found Kifrailo's Antique Weapon Shop.
  8630 | Bazaar   | Found Qivuur's Distillery.
  8639 | Bazaar   | Bought a potion of heal wounds for 60 gold pieces
  8639 | Bazaar   | Bought a potion of heal wounds for 60 gold pieces
  8639 | Bazaar   | Bought a potion of curing for 36 gold pieces
  8688 | Orc:4    | Slain by a deep troll

Action                   |  1- 3 |  4- 6 |  7- 9 | 10-12 || total
-------------------------+-------+-------+-------+-------++-------
Melee: War axe           |    85 |   209 |   387 |   340 ||  1021
Invok: Bend Time         |       |       |       |     1 ||     1
 Abil: Dig               |     5 |     7 |    19 |     5 ||    36
       Shaft Self        |       |     2 |     2 |       ||     4
  Use: Scroll            |       |       |     2 |       ||     2
       Potion            |       |       |     2 |       ||     2
  Eat: Chunk             |     2 |     7 |    11 |     3 ||    23
       Bread ration      |       |       |     1 |       ||     1
       Beef jerky        |       |       |       |     1 ||     1
